 Dungeon Crawl Stone Soup version 0.29.0-5-ge4962eb29e (webtiles) character file.

Game seed: 8226794354319682780

1502 Zeldest the Grappler (level 8, -5/80 HPs)
             Began as a Troll Chaos Knight on Aug 29, 2022.
             Was a Plaything of Xom.
             Succumbed to an orc wizard's poison
             ... on level 5 of the Dungeon.
             The game lasted 00:05:43 (2999 turns).

Zeldest the Grappler (Troll Chaos Knight)           Turns: 2999, Time: 00:05:44

Health: -5/80      AC: 11    Str: 21    XL:     8   Next: 52%
Magic:  7/7        EV:  9    Int: 10    God:    Xom [...*..]
Gold:   185        SH:  0    Dex:  9    Spells: 5/7 levels left

rFire   . . .      SeeInvis .     - Unarmed
rCold   . . .      Faith    .   (no shield)
rNeg    . . .      Spirit   .   a - +2 robe
rPois   .          Reflect  .   (helmet restricted)
rElec   .          Harm     .   m - +0 cloak
rCorr   .          Rampage  .   (gloves unavailable)
Will    .....                   (boots unavailable)
Stlth   +.........              (no amulet)
HPRegen 1.03/turn               h - +4 ring of protection
MPRegen 0.10/turn               (no ring)

@: mighty, brilliant, lethally poisoned (-5 -> -37)
A: large, unfitting armour, claws 3, regeneration 1, shaggy fur 1, tough skin 1
a: Renounce Religion


You were on level 5 of the Dungeon.
You worshipped Xom.
You were a favourite toy of Xom.
You visited 1 branch of the dungeon, and saw 5 of its levels.

You collected 185 gold pieces.

Inventory:

Missiles
 q - 5 javelins
Armour
 a - a +2 robe (worn)
 m - a +0 cloak (worn)
Jewellery
 h - a +4 ring of protection (left claw)
Wands
 y - a wand of quicksilver (12)
 B - a wand of roots (12)
Scrolls
 f - a scroll of silence {unknown}
 g - 3 scrolls of summoning {unknown}
 i - 6 scrolls of identify {unknown}
 j - 5 scrolls of noise {unknown}
 k - 2 scrolls of brand weapon {unknown}
 n - a scroll of teleportation {unknown}
 r - 3 scrolls of enchant armour {unknown}
 s - a scroll of enchant weapon {unknown}
 u - 2 scrolls of poison {unknown}
 v - a scroll of immolation {unknown}
 w - 3 scrolls of amnesia {unknown}
 z - a scroll of torment {unknown}
 A - 2 scrolls of fear {unknown}
 E - a scroll of blinking {unknown}
Potions
 c - a potion of lignification {unknown}
 d - 2 potions of brilliance
 e - a potion of might
 l - a potion of heal wounds {unknown}
 o - a potion of invisibility {unknown}
 p - a potion of degeneration {unknown}
 t - a potion of curing {unknown}
 x - 2 potions of mutation {unknown}
 C - a potion of resistance {unknown}
 D - 2 potions of flight {unknown}
Miscellaneous
 b - a piece from Xom's chessboard (14/15) (quivered)


   Skills:
 + Level 5.1 Fighting
 - Level 1.9 Dodging
 * Level 8.2 Unarmed Combat
 + Level 3.6 Transmutations


You had 5 spell levels left.
You knew the following spells:

 Your Spells              Type           Power      Damage    Failure   Level
a - Wereblood             Tmut           10%        N/A       13%         2

Your spell library contained the following spells:

 Spells                   Type           Power      Damage    Failure   Level
 Sting                    Tmut/Pois      20%        1d4       19%         1
 Foxfire                  Conj/Fire      0%         2x1d4     36%         1
 Poisonous Vapours        Pois/Air       0%         N/A       50%         2
 Sublimation of Blood     Necr           0%         N/A       50%         2
 Conjure Flame            Conj/Fire      0%         6-21      75%         3
 Inner Flame              Hex/Fire       0%         N/A       75%         3
 Ozocubu's Armour         Ice            0%         N/A       75%         3
 Stone Arrow              Conj/Erth      0%         3d7       75%         3
 Animate Armour           Summ/Erth      0%         N/A       98%         4
 Flame Wave               Conj/Fire      0%         2d4       98%         4
 Olgreb's Toxic Radiance  Pois           0%         N/A       98%         4
 Ozocubu's Refrigeration  Ice            0%         4d7       100%        7
 Summon Hydra             Summ           0%         N/A       100%        7
 Lehudib's Crystal Spear  Conj/Erth      0%         10d2      100%        8


Dungeon Overview and Level Annotations

Branches:
Dungeon (5/15)
 Temple: D:4-7

Altars:
Xom
Yredelemnul

Shops:
D:4 =


Innate Abilities, Weirdness & Mutations

You are too large for most types of armour.
You have claws for hands.
Your natural rate of healing is unusually fast.
You are covered in fur. (AC +1)
You have tough skin. (AC +1)


Message History

You feel very sick.
The orc wizard gestures wildly while chanting.
The orc wizard flickers and vanishes!
Deactivating autopickup; reactivate with Ctrl-A.
You bump into the rock wall.
You feel very sick. Something completely misses you.
You bump into the rock wall.
You feel less confused.
You feel very sick. Something hits you.
You are more poisoned.
You miss something.
You feel very sick. Something hits you but does no damage.
You are more poisoned.
You miss something.
You feel very sick. Something hits you.
You are more poisoned.
You closely miss something.
You feel extremely sick. Something hits you.
You are lethally poisoned!
Okay, then.
Something hits you.
* * * LOW HITPOINT WARNING * * *
You are more poisoned.
* * * LOW HITPOINT WARNING * * *
You feel extremely sick.
It was a potion of brilliance.
You feel clever all of a sudden.
* * * LOW HITPOINT WARNING * * *
You feel extremely sick. Something hits you but does no damage.
You are more poisoned.
It was a potion of might.
You feel very mighty all of a sudden.
You die...
Xom cackles wildly!

##.....## ..##...........
#.......##..#8...........
.........#..##...........
........[#..##...##8###8#
.........#..##...#### ###
##.##.##.#..#⌠...8# ..
#.).###...## #. #{).#
#...# .. #@#####...## ##
#.####8...8# S
#....##...## #.##......#
#.######### #.# #.# #.#
#.#


There were no monsters in sight!

Vanquished Creatures
  Prince Ribbit (D:5)
  A water moccasin (D:5)
  An orc warrior (D:3)
  A necrophage (D:5)
  2 scorpions (D:5)
  2 jellies (D:4)
  3 orc priests
  2 hounds
  10 orc wizards
  6 adders
  5 worms
  2 dart slugs (D:3)
  13 orcs
  17 endoplasms
  4 giant cockroaches
  9 goblins
  9 hobgoblins
  3 jackals (D:1)
  4 quokkas
  8 ball pythons
  5 bats
  5 frilled lizards
  22 kobolds
  5 rats
  A spectral orc (D:4)
141 creatures vanquished.

Vanquished Creatures (collateral kills)
  Sigmund (D:5)
  A phantom (D:3)
  An orc wizard (D:5)
  2 adders (D:3)
  2 orcs (D:5)
  A giant cockroach (D:3)
  A quokka (D:3)
9 creatures vanquished.

Vanquished Creatures (others)
  An orc (D:4)
  A fungus (D:4)
  18 toadstools
20 creatures vanquished.

Grand Total: 170 creatures vanquished

Notes
Turn   | Place    | Note
-------+----------+-------------------------------------------
     0 | D:1      | Zeldest the Troll Chaos Knight began the quest for the Orb.
     0 | D:1      | Reached XP level 1. HP: 22/22 MP: 0/0
    45 | D:1      | XOM: silly message
    69 | D:1      | Reached XP level 2. HP: 25/29 MP: 1/1
   292 | D:1      | Reached XP level 3. HP: 33/36 MP: 2/2
   367 | D:1      | Found a faded altar of an unknown god.
   595 | D:2      | Reached skill level 4 in Unarmed Combat
   638 | D:2      | XOM: silly message
   688 | D:2      | XOM: potion effect (curing)
   824 | D:2      | Reached XP level 4. HP: 45/45 MP: 3/3
   842 | D:2      | XOM: divination: detect items
   976 | D:2      | XOM: silly message
  1111 | D:2      | XOM: silly message
  1150 | D:2      | XOM: divination: detect items
  1171 | D:3      | XOM: silly message
  1185 | D:3      | Noticed an orc warrior
  1196 | D:3      | XOM: potion effect (brilliance)
  1205 | D:3      | Killed an orc warrior
  1206 | D:3      | Reached skill level 5 in Unarmed Combat
  1206 | D:3      | Reached skill level 1 in Transmutations
  1206 | D:3      | Reached XP level 5. HP: 47/53 MP: 4/4
  1307 | D:3      | Noticed a phantom
  1307 | D:3      | XOM: confusion
  1309 | D:3      | XOM: summons 5 friendly demons
  1316 | D:3      | Killed a phantom
  1317 | D:3      | Reached XP level 6. HP: 61/61 MP: 5/5
  1736 | D:3      | XOM: scenery: create altars
  1847 | D:4      | Found Zuatug's Jewellery Shop.
  1956 | D:4      | XOM: 2-stop teleportation journey
  1981 | D:4      | Reached skill level 6 in Unarmed Combat
  2002 | D:4      | Reached XP level 7. HP: 27/66 MP: 6/6
  2069 | D:4      | XOM: swap monsters
  2071 | D:4      | XOM: blink monster(s)
  2077 | D:4      | XOM: silly message
  2081 | D:4      | XOM: polymorph endoplasm -> giant cockroach
  2436 | D:4      | Found a basalt altar of Yredelemnul.
  2672 | D:4      | XOM: polymorph jelly -> worm
  2712 | D:5      | Entered Level 5 of the Dungeon
  2742 | D:5      | Reached skill level 7 in Unarmed Combat
  2745 | D:5      | Noticed Prince Ribbit
  2756 | D:5      | XOM: summons friendly ufetubus
  2771 | D:5      | Killed Prince Ribbit
  2772 | D:5      | Reached XP level 8. HP: 68/79 MP: 7/7
  2801 | D:5      | Learned a level 2 spell: Wereblood
  2810 | D:5      | XOM: divination: detect creatures
  2873 | D:5      | XOM: cast spell 'Summon Horrible Things'
  2878 | D:5      | Noticed Sigmund
  2885 | D:5      | Killed Sigmund
  2886 | D:5      | Reached skill level 5 in Fighting
  2886 | D:5      | Reached skill level 8 in Unarmed Combat
  2998 | D:5      | HP: 3/80 [poisoned by an orc wizard]
  2999 | D:5      | Succumbed to an orc wizard's poison

Illustrated notes

Levels and vault maps discovered:
D:1:      ldierk_water_garden, layout_rooms, shapermc_ecumenical_altar_venn
D:2:      minmay_kobold_bridge, layout_loops_ring, minmay_unequal
D:3:      layout_loops_ring
D:4:      cheibrodos_fertilizer, layout_loops_ring,
          yredelemnul_forgotten_temple_becter, serial_shops, shop,
          minmay_a_box_with_orc_wizards_in_it
D:5:      layout_rooms, lightli_temple_of_fire, serial_corexii_hall,
          corexii_hall_statues_l, corexii_hall_statues_l, serial_bayou_pond_b,
          minmay_misc_feat_more_columns, minmay_misc_feat_alley, uniq_sigmund,
          uniq_prince_ribbit1

Skill      XL: |  1  2  3  4  5  6  7  8 |
---------------+-------------------------+-----
Unarmed Combat | 4 5 6 7 8 |  8.2
Fighting       | 3 4 5 |  5.1
Transmutations | 1 2 3 |  3.6
Dodging        | |  1.9

Action                   |  1- 3 |  4- 6 |  7- 9 || total
-------------------------+-------+-------+-------++-------
Melee: Unarmed           |   122 |   157 |   140 ||   419
       Punch             |       |     4 |    11 ||    15
 Cast: Wereblood         |       |       |     1 ||     1
Evoke: Piece from Xom's  |       |     2 |     3 ||     5
       Wand              |       |       |     2 ||     2
  Use: Potion            |       |       |     2 ||     2
Armor: Robe              |    65 |   114 |    78 ||   257
Dodge: Dodged            |    60 |    89 |    43 ||   192
